[Event "*** Titled Tuesday Blitz"]
[Site "Chess.com"]
[Date "2021.04.27"]
[Round "7"]
[White "maximych26"]
[Black "MFBerna"]
[Result "1-0"]
[WhiteElo "2313"]
[BlackElo "2446"]
[TimeControl "180+1"]
[EndTime "11:16:07 PDT"]
[Termination "maximych26 won by resignation"]

1. e4 c6 2. Nc3 d5 3. Nf3 Bg4 4. h3 Bxf3 5. Qxf3 e6 6. Be2 Nf6 7. O-O Nbd7 8. d4 dxe4 9. Nxe4 Be7 10. c3 O-O 11. Bd3 Nxe4 12. Qxe4 Nf6 13. Qh4 h6 14.
Re1 Qd7 15. Bxh6 gxh6 16. Qxh6 Rfd8 17. Re3 Bd6 18. Qxf6 Kf8 19. Rae1 Ke8 20. Rxe6+ Qxe6 21. Rxe6+ fxe6 22. Qxe6+ Kf8 23. Bg6 Kg7 24. Qf7+ Kh6 25. h4 Rh8 26. Qf6 Be7 27. Qxe7 Kxg6 28. g3 Rh7 29.
Qe4+ Kg7 30. Kg2 Rf8 31. Qe5+ Kg8 32. Qe6+ Kh8 33. f4 Rg7 34. f5 Rfg8 35. Qe5 Kh7 36. Kf3 Rf7 37. g4 b5 38. g5 Rfg7 39. Kg4 Rf8 40. f6 Rd7 41. Qf5+ 1-0

[Event "*** Titled Tuesday Blitz"]
[Site "Chess.com"]
[Date "2021.04.27"]
[Round "7"]
[White "The_filthy"]
[Black "tusplingher"]
[Result "1-0"]
[WhiteElo "2402"]
[BlackElo "2266"]
[TimeControl "180+1"]
[EndTime "11:16:09 PDT"]
[Termination "The_filthy won by resignation"]

1. e4 c5 2. Nf3 g6 3. d4 cxd4 4.
c3 dxc3 5. Nxc3 Nc6 6. Bc4 Bg7 7. e5 Qc7 8. Nb5 Qb6 9. O-O a6 10. Be3 Qd8 11. Nbd4 Nxd4 12. Qxd4 Nh6 13. Bxh6 Bxh6 14.
e6 f6 15. exd7+ Qxd7 16. Qh4 Bg7 17. h3 e6 18. Rfe1 e5 19. Rad1 Qe7 20. Nd4 b5 21.
Bb3 Bd7 22. Qe4 Rc8 23. Qb7 Rd8 24. Nc6 Bxc6 25. Qxc6+ Kf8 26. Rxd8+ Qxd8 27. Rd1 Qe8 28. Rd7 h5 29. Qd6+ 1-0

[Event "*** Titled Tuesday Blitz"]
[Site "Chess.com"]
[Date "2021.04.27"]
[Round "7"]
[White "VladDobrov"]
[Black "Sanan_Sjugirov"]
[Result "1-0"]
[WhiteElo "2734"]
[BlackElo "2951"]
[TimeControl "180+1"]
[EndTime "11:16:10 PDT"]
[Termination "VladDobrov won on time"]

1. b3 d5 2. Bb2 Nf6 3. f3 c5 4. g4 d4 5. e4 e5 6. h4 Nc6 7. Bb5 Bd7 8. Ne2 Be7 9. Ng3 g6 10. g5 Nh5 11. Nxh5 gxh5 12. Bxc6 Bxc6 13. d3 f6 14. f4 Qa5+ 15. Nd2 O-O-O 16. Qxh5 f5 17.
Qf7 Rde8 18. Qxf5+ Bd7 19. Qxe5 Bd8 20. Qg7 Rhg8 21.
Qh6 Bg4 22. Rg1 Bf3 23. a3 Bc7 24. b4 cxb4 25. Nxf3 b3+ 26. Kf2 bxc2 27. Rac1 Qa4 28. e5 Rgf8 29. Kg3 Qb3 30. Qxh7 Kb8 31. Qe4 Qxb2 32.
h5 1-0

[Event "*** Titled Tuesday Blitz"]
[Site "Chess.com"]
[Date "2021.04.27"]
[Round "7"]
[White "mr65"]
[Black "thebulldog1"]
[Result "1-0"]
[WhiteElo "2207"]
[BlackElo "2389"]
[TimeControl "180+1"]
[EndTime "11:16:10 PDT"]
[Termination "mr65 won on time"]

1. e4 e5 2. Nf3 Nc6 3. Bb5 a6 4. Ba4 Nf6 5. O-O Be7 6. Re1 b5 7. Bb3 O-O 8. d4 d6 9. c3 exd4 10. cxd4 Bg4 11. d5 Ne5 12. Nbd2 Nfd7 13. h3 Nxf3+ 14.
Nxf3 Bh5 15. Qd3 Ne5 16. Nxe5 dxe5 17. Bd1 Bg6 18. Bg4 c5 19. Be3 Bd6 20. b3 Qe7 21. a4 b4 22. Rac1 h5 23. Bf3 f5 24. exf5 Bxf5 25.
Be4 g6 26. Rc4 Rac8 27. Rec1 Kg7 28. f3 Rc7 29. Qd2 Kh7 30. R1c2 Qf7 31. Bxc5 Bxc5+ 32. Rxc5 Rxc5 33. Rxc5 Bxe4 34. fxe4 Qf1+ 35. Kh2 Rf7 36. d6 1-0

[Event "*** Titled Tuesday Blitz"]
[Site "Chess.com"]
[Date "2021.04.27"]
[Round "7"]
[White "Forantes"]
[Black "KhatanbaatarBazar"]
[Result "0-1"]
[WhiteElo "2503"]
[BlackElo "2668"]
[TimeControl "180+1"]
[EndTime "11:16:12 PDT"]
[Termination "KhatanbaatarBazar won by resignation"]

1. Nf3 Nf6 2. g3 d5 3. Bg2 g6 4. O-O Bg7 5. d4 O-O 6. c4 c6 7. Qb3 a5 8. Nc3 dxc4 9. Qxc4 Na6 10. Bf4 Nb4 11. Qb3 Be6 12. Qd1 Nfd5 13. e3 Nxf4 14. gxf4 Bf5 15. a3 Nd5 16. Ne5 Be6 17. Qd2 f6 18.
Nd3 Bf7 19. Rac1 Nxc3 20. bxc3 Qd6 21. Qb2 b5 22. Nc5 Rac8 23. a4 Rb8 24. axb5 cxb5 25.
Ra1 a4 26. Qb4 e5 27. fxe5 fxe5 28. Rfb1 exd4 29. cxd4 Bc4 30. Nxa4 Qf6 31. Rb2 Qg5 32. Qc5 Rf5 33. Qc7 Rbf8 34. Nb6 Rxf2 35. Rxf2 Qxe3 36. Rf1 Bxf1 37. Bd5+ Kh8 38. Qc2 Bxd4 39. Kxf1 Rxf2+ 0-1

[Event "*** Titled Tuesday Blitz"]
[Site "Chess.com"]
[Date "2021.04.27"]
[Round "7"]
[White "lacafi"]
[Black "niki_2003"]
[Result "1-0"]
[WhiteElo "2165"]
[BlackElo "2023"]
[TimeControl "180+1"]
[EndTime "11:16:12 PDT"]
[Termination "lacafi won by checkmate"]

1. d4 Nf6 2. Nf3 e6 3. e3 d5 4. Bd3 Bd6 5. Nbd2 O-O 6. Qe2 Nbd7 7. e4 c5 8. e5 c4 9. Bxc4 dxc4 10. exd6 Nb6 11.
Nxc4 Nxc4 12. Qxc4 Qxd6 13. O-O Bd7 14. Bg5 Ne4 15. Qd3 f5 16. Be3 a6 17. Ne5 Bb5 18. c4 Bc6 19. f3 Nf6 20. Rfd1 Nd7 21. Nxc6 bxc6 22. d5 cxd5 23. cxd5 Rad8 24. Rac1 Ne5 25. Qb3 exd5 26. Bc5 Qe6 27. Bxf8 Kxf8 28. Rc5 Nc4 29. Qd3 Qe3+ 30. Qxe3 Nxe3 31. Rd3 d4 32. Kf2 f4 33. Ra5 Nc4 34. Rxa6 Nxb2 35. Rb3 Nd1+ 36.
Ke1 Ne3 37. Kf2 d3 38. Rb7 d2 39. Raa7 Nd1+ 40. Ke2 Nc3+ 41. Kf2 Nd1+ 42. Kg1 Rd6 43.
Rb8+ Rd8 44. Rxd8# 1-0

[Event "*** Titled Tuesday Blitz"]
[Site "Chess.com"]
[Date "2021.04.27"]
[Round "7"]
[White "Sjakkerntobi"]
[Black "shaheus"]
[Result "1-0"]
[WhiteElo "2398"]
[BlackElo "2176"]
[TimeControl "180+1"]
[EndTime "11:16:14 PDT"]
[Termination "Sjakkerntobi won on time"]

1. e4 c5 2. Nf3 Nc6 3. d4 cxd4 4.
Nxd4 Nf6 5. Nc3 d6 6. Bg5 e6 7.
Qd2 a6 8. Nxc6 bxc6 9. f4 h6 10. Bh4 Nxe4 11. Nxe4 Qxh4+ 12. g3 Qe7 13. O-O-O d5 14. Nc3 Rb8 15. a3 Qb7 16. Na4 Be7 17. c3 O-O 18. Bd3 c5 19. Bc2 Bd7 20. h4 Bb5 21. g4 Qc6 22. g5 Bxa4 23. gxh6 Bxc2 24. Qxc2 g6 25. h7+ Kh8 26. h5 g5 27. Rdg1 Bd6 28. fxg5 Bf4+ 29. Kb1 Rxb2+ 30. Kxb2 Rb8+ 31. Ka2 Qb5 32. g6 Qc4+ 33. Ka1 Be5 34. Rh3 Rb3 35. gxf7 Rxa3+ 36. Kb1 Rb3+ 37. Kc1 Bf4+ 38. Kd1 1-0

[Event "*** Titled Tuesday Blitz"]
[Site "Chess.com"]
[Date "2021.04.27"]
[Round "7"]
[White "frederiksvane"]
[Black "gmpeter008"]
[Result "0-1"]
[WhiteElo "2730"]
[BlackElo "2479"]
[TimeControl "180+1"]
[EndTime "11:16:18 PDT"]
[Termination "gmpeter008 won by resignation"]

1. e4 d5 2. exd5 Qxd5 3. Nc3 Qd8 4. d4 g6 5. Nf3 Bg7 6. Bc4 Nf6 7. O-O O-O 8. Ne5 a6 9. a4 Nbd7 10. f4 c5 11.
dxc5 Qc7 12. Nxd7 Nxd7 13. Be3 Bxc3 14. bxc3 Nxc5 15. Qf3 Be6 16. Bxe6 Nxe6 17. f5 Ng7 18. fxg6 fxg6 19. Qd5+ e6 20. Qb3 Rxf1+ 21. Rxf1 Rf8 22.
Re1 Re8 23. Bd4 Qc6 24. c4 Nf5 25. Ba1 e5 26. c5+ Kf8 27. Kh1 Qxc5 28. Qxb7 Qf2 29.
Qb4+ Kg7 30. Qe4 Nd6 31. Bxe5+ Kg8 32. Qd5+ Nf7 33. Qe4 Rxe5 34. Qa8+ Kg7 35. Rg1 Re1 0-1

[Event "*** Titled Tuesday Blitz"]
[Site "Chess.com"]
[Date "2021.04.27"]
[Round "7"]
[White "guillembaches"]
[Black "ChadBiryani"]
[Result "1-0"]
[WhiteElo "2509"]
[BlackElo "2316"]
[TimeControl "180+1"]
[EndTime "11:16:18 PDT"]
[Termination "guillembaches won by checkmate"]

1. e4 d5 2. exd5 Qxd5 3. Nc3 Qd6 4. d4 Nf6 5. Nf3 c6 6. h3 g6 7. Bd3 Bg7 8. O-O O-O 9. Re1 Nbd7 10. Bg5 Nb6 11.
Qe2 Re8 12. Rad1 Nbd5 13. Nxd5 Nxd5 14. Ne5 f6 15. Nc4 Qc7 16. Bd2 Nf4 17. Bxf4 Qxf4 18. c3 Qc7 19. a4 b5 20. axb5 cxb5 21. Ne3 a6 22. Nd5 Qd6 23. Nxe7+ Kf7 24. Nxc8 Raxc8 25.
Qf3 Qd7 26. Bc2 Kg8 27. Bb3+ Kh8 28. d5 f5 29. h4 a5 30. h5 Bf6 31. Re6 Kg7 32. h6+ Kf7 33. Rde1 Bh8 34. d6 Kf8 35. Qd5 Rxe6 36. Rxe6 Qf7 37. Re8+ Kxe8 38. Qxf7+ Kd8 39. Qe7# 1-0

[Event "*** Titled Tuesday Blitz"]
[Site "Chess.com"]
[Date "2021.04.27"]
[Round "7"]
[White "Keks2017"]
[Black "Supernotar"]
[Result "1/2-1/2"]
[WhiteElo "2471"]
[BlackElo "2720"]
[TimeControl "180+1"]
[EndTime "11:16:19 PDT"]
[Termination "Game drawn - insufficient material"]

1. g3 c5 2. Bg2 Nc6 3. e4 g6 4. d3 Bg7 5. f4 e6 6. Nf3 d6 7. O-O Nge7 8. c3 O-O 9. Be3 b6 10.
Bf2 Bb7 11. Re1 Qc7 12. a4 Rac8 13. Na3 a6 14. Rb1 Ba8 15. Qd2 Rfd8 16. b4 cxb4 17. cxb4 Qd7 18. Bxb6 Re8 19. b5 axb5 20. axb5 Nb8 21.
Rec1 d5 22. e5 Qb7 23. Bf2 Bf8 24. Qb2 Rxc1+ 25. Rxc1 Rc8 26. Rxc8 Nxc8 27. Nc2 Na7 28. Ncd4 Nd7 29. h4 Bc5 30. h5 Qb6 31. hxg6 hxg6 32.
g4 Bb7 33. f5 gxf5 34. gxf5 exf5 35. Nxf5 Bxf2+ 36. Qxf2 Qxf2+ 37. Kxf2 Nxb5 38. d4 Nf8 39. Ke3 Ne6 40. Ne1 Kf8 41. Nc2 Nc3 42. Nb4 Ba8 43.
Bf1 f6 44. exf6 Kf7 45. Nd6+ Kxf6 46. Nb5 Nxb5 47. Bxb5 Ke7 48. Bc6 Bxc6 49. Nxc6+ Kd6 50. Nb4 Nc7 51. Nxd5 Nxd5+ 52. Ke4 Nc7 53. Ke3 Nb5 54. Ke4 Nxd4 1/2-1/2

[Event "*** Titled Tuesday Blitz"]
[Site "Chess.com"]
[Date "2021.04.27"]
[Round "7"]
[White "Kislov_Oleg"]
[Black "andrewtnb"]
[Result "1-0"]
[WhiteElo "2493"]
[BlackElo "2256"]
[TimeControl "180+1"]
[EndTime "11:16:19 PDT"]
[Termination "Kislov_Oleg won on time"]

1. e4 c6 2. d4 d5 3. Nc3 dxe4 4. Nxe4 Nf6 5. Nxf6+ gxf6 6. Bc4 Bf5 7. Ne2 e6 8. Ng3 Bg6 9. h4 h6 10. h5 Bh7 11. c3 Nd7 12. Bf4 Nb6 13. Bb3 Nd5 14. Bd2 a5 15. a4 Rg8 16. O-O f5 17. Qf3 Qh4 18. c4 Nb4 19. d5 Bc5 20. Be3 Bxe3 21. Qxe3 f4 22. Qd4 c5 23. Qxc5 fxg3 24. Qb5+ Ke7 25.
Qxb7+ Kf6 26. fxg3+ 1-0

[Event "*** Titled Tuesday Blitz"]
[Site "Chess.com"]
[Date "2021.04.27"]
[Round "7"]
[White "Gusarov91"]
[Black "debashisdebs"]
[Result "1-0"]
[WhiteElo "2632"]
[BlackElo "2878"]
[TimeControl "180+1"]
[EndTime "11:16:22 PDT"]
[Termination "Gusarov91 won by resignation"]

1. d4 Nf6 2. Nf3 g6 3. c4 Bg7 4. g3 O-O 5. Bg2 c6 6. O-O d5 7. Qb3 dxc4 8. Qxc4 Bf5 9. Nc3 Nbd7 10. Bf4 Rc8 11. a4 Ne4 12. Nxe4 Bxe4 13. Rfd1 Qa5 14. b4 Qd5 15. Rac1 Qxc4 16. Rxc4 Nb6 17. Rc3 Nxa4 18.
Ra3 b5 19. Re3 f5 20. Ng5 Bxg2 21. Kxg2 Rfe8 22. Ne6 Nb6 23. Ra1 Nd5 24. Rb3 Ra8 25. Ra6 Rec8 26. e3 h6 27. Rba3 g5 28. Be5 Bxe5 29.
dxe5 Kf7 30. Nd4 Nxb4 31. Rxa7 Rxa7 32. Rxa7 Nd3 33. Nxf5 Ke6 34. Nxe7 Re8 35. Nxc6 b4 36. Rb7 Rf8 37. f4 gxf4 38. exf4 Nxf4+ 39. gxf4 Rxf4 40. Rxb4 1-0

[Event "*** Titled Tuesday Blitz"]
[Site "Chess.com"]
[Date "2021.04.27"]
[Round "7"]
[White "Aradhya2000"]
[Black "alejogarcia1999"]
[Result "1-0"]
[WhiteElo "2623"]
[BlackElo "2478"]
[TimeControl "180+1"]
[EndTime "11:16:22 PDT"]
[Termination "Aradhya2000 won by checkmate"]

1. d4 Nf6 2. c4 g6 3. Nc3 Bg7 4. e4 d6 5. h3 O-O 6. Be3 e5 7. d5 Nh5 8. Nge2 f5 9. exf5 gxf5 10. g4 Nf4 11. gxf5 Bxf5 12. Ng3 Bg6 13. h4 h6 14. h5 Bh7 15. Qd2 Na6 16. Nge4 b6 17. O-O-O Nc5 18. f3 a5 19. Rg1 Kh8 20. Bxf4 exf4 21.
Rxg7 Kxg7 22. Qd4+ Kf7 23. Bh3 Qh4 24. Be6+ Nxe6 25. dxe6+ Kxe6 26. Nb5 Kd7 27. Nxc7 Kxc7 28. Qxd6+ Kb7 29. Qd7+ Kb8 30. Qd6+ Ka7 31. Qc7+ Ka6 32. Nc5+ bxc5 33. Rd6# 1-0

[Event "*** Titled Tuesday Blitz"]
[Site "Chess.com"]
[Date "2021.04.27"]
[Round "7"]
[White "Bad_left_hook"]
[Black "Srisshhhtea"]
[Result "1-0"]
[WhiteElo "2562"]
[BlackElo "2337"]
[TimeControl "180+1"]
[EndTime "11:16:23 PDT"]
[Termination "Bad_left_hook won by resignation"]

1. d4 d5 2. c4 e6 3. Nc3 Be7 4. cxd5 exd5 5. Bf4 c6 6. Qc2 Bd6 7. Bxd6 Qxd6 8. e3 Ne7 9. Bd3 Nd7 10. Nf3 Ng6 11.
O-O-O a5 12. Kb1 a4 13. Rde1 a3 14. b3 O-O 15. h4 Re8 16. Ng5 h6 17. h5 Ngf8 18.
Bh7+ Nxh7 19. Qxh7+ Kf8 20. e4 hxg5 21. Qh8+ Ke7 22.
exd5+ Ne5 23. Qxg7 Bf5+ 24. Ka1 Qb4 25. Qxe5+ Be6 26. Qg3 Qxd4 27. dxe6 fxe6 28. Qxg5+ Kf7 29. Re3 e5 30. Rf3+ Ke6 31. Qg6+ Kd7 32. Rd3 Kc7 33.
Rxd4 exd4 34. Ne4 Rad8 35. Rd1 d3 36. Nc5 d2 37. Ne6+ Kb6 38. Nxd8 Re1 39. Qc2 Rxd1+ 40. Qxd1 1-0

[Event "*** Titled Tuesday Blitz"]
[Site "Chess.com"]
[Date "2021.04.27"]
[Round "7"]
[White "olksuna"]
[Black "Apocalyps999"]
[Result "0-1"]
[WhiteElo "2628"]
[BlackElo "2470"]
[TimeControl "180+1"]
[EndTime "11:16:24 PDT"]
[Termination "Apocalyps999 won by checkmate"]

1. e4 c5 2. Nf3 e6 3. d4 cxd4 4. Nxd4 Nf6 5. Nc3 Nc6 6. a3 Bc5 7. Nxc6 bxc6 8. e5 Nd5 9. Ne4 Qb6 10. Nxc5 Qxc5 11. Qg4 Ne7 12. Qxg7 Rg8 13. Qf6 Nf5 14. Bd3 Rxg2 15. Qh8+ Ke7 16. Rf1 Rg6 17. h4 h6 18.
h5 Bb7 19. Qxa8 Bxa8 20. hxg6 Qxe5+ 21. Kd1 fxg6 22. c3 c5 23. Kc2 c4 24. Bxc4 Be4+ 25. Kb3 d5 26. Be2 d4 27. Bc4 dxc3 28. bxc3 Nd6 29.
Bxh6 Nxc4 30. Kxc4 Qd5+ 31. Kb4 a5+ 32. Ka4 Bc2# 0-1

[Event "*** Titled Tuesday Blitz"]
[Site "Chess.com"]
[Date "2021.04.27"]
[Round "7"]
[White "A-S-00"]
[Black "LifeIsAllAboutChess23"]
[Result "1-0"]
[WhiteElo "2326"]
[BlackElo "2197"]
[TimeControl "180+1"]
[EndTime "11:16:25 PDT"]
[Termination "A-S-00 won on time"]

1. d4 Nf6 2. c4 e5 3. dxe5 Ng4 4. Nf3 Bc5 5. e3 Nc6 6. Nc3 O-O 7. Be2 Re8 8. a3 a5 9. O-O Ngxe5 10. Nd2 Qh4 11. Nd5 d6 12. Nxc7 Bg4 13. Bxg4 Nxg4 14. Nf3 Qh5 15. Nxa8 Rxa8 16. h3 Nf6 17. b3 Ne4 18. Bb2 Re8 19. Nd2 Qg6 20. Nxe4 Rxe4 21. b4 Ba7 22.
Qd5 Kf8 23. b5 Nd8 24. Rad1 Bc5 25. Bd4 Bxa3 26. Bb6 Ne6 27. Qxb7 f5 28. Qc8+ Kf7 29.
Qd7+ Kf8 30. Bd4 1-0

[Event "*** Titled Tuesday Blitz"]
[Site "Chess.com"]
[Date "2021.04.27"]
[Round "7"]
[White "H3nriqueTV"]
[Black "AntonovaNadezhda"]
[Result "1-0"]
[WhiteElo "2320"]
[BlackElo "2116"]
[TimeControl "180+1"]
[EndTime "11:16:26 PDT"]
[Termination "H3nriqueTV won on time"]

1. e4 c5 2. Nf3 d6 3. Nc3 Nf6 4. d4 cxd4 5. Nxd4 a6 6. Be2 e5 7. Nb3 Be7 8. Be3 Be6 9. O-O Nbd7 10. a4 Rc8 11. Bf3 O-O 12. a5 Qc7 13. Re1 h6 14. h3 Rfd8 15. Nd2 Nb8 16. Bb6 Qc6 17. Bxd8 Rxd8 18.
Nf1 d5 19. exd5 Nxd5 20. Nxd5 Bxd5 21. Bxd5 Rxd5 22. Qf3 Rb5 23. Qxc6 Nxc6 24. b3 Nxa5 25. Ne3 Nc6 26. Rad1 Nd4 27. Nc4 Bf6 28. Rd2 Rc5 29. Ne3 Bg5 30. Red1 h5 31. b4 Rc6 32. c4 f6 33. Rb1 Nf5 34. c5 Nxe3 35. Rd8+ Kh7 36. fxe3 1-0

[Event "*** Titled Tuesday Blitz"]
[Site "Chess.com"]
[Date "2021.04.27"]
[Round "7"]
[White "Beca95"]
[Black "jefferyx"]
[Result "0-1"]
[WhiteElo "2871"]
[BlackElo "3012"]
[TimeControl "180+1"]
[EndTime "11:16:29 PDT"]
[Termination "jefferyx won on time"]

1. d4 d5 2. c4 c6 3. Nf3 Nf6 4.
Nc3 dxc4 5. a4 Bf5 6. Ne5 e6 7. f3 Bb4 8. Nxc4 O-O 9. Kf2 e5 10. Nxe5 Bc2 11. Qd2 c5 12. d5 Bb3 13. e4 Re8 14. Qf4 c4 15. Nxc4 Qc8 16. e5 Bxc3 17.
bxc3 Nxd5 18. Qd4 Nc6 19. Qc5 b6 20. Qa3 Bxc4 21. Bxc4 Nxe5 22. Bxd5 Nd3+ 23. Kg3 Qf5 24. Bxa8 Qg6+ 25. Kh4 Qxg2 26. Qd6 Ne5 27. Bf4 Ng6+ 28. Qxg6 hxg6 29. Bd5 g5+ 30. Bxg5 Re5 31. Rag1 Qf2+ 32. Rg3 Rxd5 33. f4 Kf8 34. Kh3 f6 35. Bh4 Qxf4 36.
Re1 Qf5+ 37. Kg2 Rd2+ 0-1

[Event "*** Titled Tuesday Blitz"]
[Site "Chess.com"]
[Date "2021.04.27"]
[Round "7"]
[White "Willhaven3"]
[Black "kubal123"]
[Result "0-1"]
[WhiteElo "2492"]
[BlackElo "2305"]
[TimeControl "180+1"]
[EndTime "11:16:29 PDT"]
[Termination "kubal123 won by checkmate"]

1. d4 Nf6 2. Nf3 g6 3. c4 Bg7 4. Nc3 O-O 5. e4 d6 6. Be2 Nbd7 7. Be3 e5 8. O-O exd4 9. Nxd4 Nc5 10. f3 a5 11. Qd2 Re8 12. Nc2 Nfd7 13. Rac1 Qe7 14. Nd5 Qd8 15. Bg5 f6 16. Be3 c6 17. Nc3 Qe7 18.
Rcd1 Kh8 19. Qxd6 Qxd6 20. Rxd6 Ne6 21. Rfd1 Ne5 22. Rd8 Nxd8 23. Bb6 Ndf7 24. f4 Nd7 25.
Bc7 Nc5 26. Bf3 Ne6 27. Bb6 Nxf4 28. Na4 f5 29. exf5 Bxf5 30. Nd4 Be4 31. Kf2 Bxf3 32. Kxf3 Ne6 33. Nb3 Ne5+ 34. Kf2 Nxc4 35. Rd7 Rf8+ 36. Ke1 Rae8 37. Kd1 Nf4 38. Nxa5 Nxb6 39. Nxb6 Nxg2 40. Nxb7 Ne3+ 41. Kd2 Nd5 42. Nxd5 cxd5 43. b3 Rf2+ 44. Kd3 Rxa2 45. Nd6 Rf8 46. Nf7+ Kg8 47. Ng5 h6 48. Ne6 Rf3# 0-1

[Event "*** Titled Tuesday Blitz"]
[Site "Chess.com"]
[Date "2021.04.27"]
[Round "7"]
[White "Msb2"]
[Black "Abund"]
[Result "0-1"]
[WhiteElo "2882"]
[BlackElo "2759"]
[TimeControl "180+1"]
[EndTime "11:16:30 PDT"]
[Termination "Abund won by resignation"]

1. d4 Nf6 2. c4 g6 3. Nf3 Bg7 4. e3 O-O 5. Be2 b6 6. O-O Bb7 7. Nc3 d5 8. cxd5 Nxd5 9. Qc2 Nd7 10. Rd1 e6 11. e4 Nxc3 12. bxc3 c5 13. Bg5 Qc7 14. Qd3 Rac8 15. Rac1 h6 16. Be3 Rfd8 17. Qb1 Nf6 18. Nd2 Qc6 19. f3 Qc7 20. Nb3 Nd7 21. Rd2 Kh7 22. Rcd1 cxd4 23. cxd4 Qd6 24. h4 Rc3 25.
Bf2 h5 26. Qb2 Rdc8 27. Nc5 Nxc5 28. dxc5 Qf4 29. Qb4 R3xc5 30. Rd7 Rc2 31. Re1 Bc3 32. Qc5 Rxc5 0-1

[Event "*** Titled Tuesday Blitz"]
[Site "Chess.com"]
[Date "2021.04.27"]
[Round "7"]
[White "halldorgretar"]
[Black "chesslh19"]
[Result "0-1"]
[WhiteElo "2123"]
[BlackElo "2269"]
[TimeControl "180+1"]
[EndTime "11:16:30 PDT"]
[Termination "chesslh19 won on time"]

1. d4 Nf6 2. c4 e6 3. Nf3 d5 4.
g3 dxc4 5. Bg2 Be7 6. O-O O-O 7.
Ne5 Nc6 8. Nxc6 bxc6 9. Na3 Bxa3 10. bxa3 Ba6 11. Qd2 Rb8 12. Qa5 Qc8 13. Bd2 c3 14.
Bxc3 Bxe2 15. Rfc1 Nd5 16. Bxd5 exd5 17. Re1 Bf3 18. Re3 Qf5 19. Rae1 Rb1 20. Qc5 Rxe1+ 21. Bxe1 Be4 22. Bb4 Rc8 23. Qxc6 h5 24. Qc3 h4 25. f3 Bb1 26. Qe1 Qc2 0-1

[Event "*** Titled Tuesday Blitz"]
[Site "Chess.com"]
[Date "2021.04.27"]
[Round "7"]
[White "riospm"]
[Black "monalize"]
[Result "1-0"]
[WhiteElo "2539"]
[BlackElo "2385"]
[TimeControl "180+1"]
[EndTime "11:16:33 PDT"]
[Termination "riospm won on time"]

1. e4 e5 2. Nf3 Nc6 3. Bb5 a6 4. Bxc6 dxc6 5. Nc3 Qf6 6. d4 exd4 7. Qxd4 Bg4 8. Bg5 Qxd4 9. Nxd4 Bd6 10. f3 Bd7 11. Rd1 f6 12. Be3 Ne7 13. Kf2 c5 14. Nde2 Ng6 15.
g4 Kf7 16. Nd5 Bc6 17. Nb6 Rad8 18. Nc4 Be7 19. Na5 Ne5 20. Nxc6 Nxc6 21. Nf4 Bd6 22. Nd5 Rhe8 23. h4 Nd4 24. c3 Ne6 25. Rd2 c6 26.
Nb6 Bc7 27. Nc4 b5 28. Na3 Rxd2+ 29. Bxd2 Rd8 30. Be3 c4 31. Ke2 Nf4+ 32. Bxf4 Bxf4 33. Rd1 Rxd1 34. Kxd1 h5 35. Nc2 Ke6 36. Nb4 c5 37.
Nd5 Bg3 38. gxh5 Kd6 39. Ke2 Bxh4 40. f4 Bg3 41. Kf3 Be1 42. Ne3 Ke7 43. Nf5+ Kf8 44.
Ke2 1-0

[Event "*** Titled Tuesday Blitz"]
[Site "Chess.com"]
[Date "2021.04.27"]
[Round "7"]
[White "Nikolaj_6"]
[Black "IANOV0007"]
[Result "1-0"]
[WhiteElo "2656"]
[BlackElo "2475"]
[TimeControl "180+1"]
[EndTime "11:16:35 PDT"]
[Termination "Nikolaj_6 won on time"]

1. e4 d6 2. d4 Nf6 3. Nd2 e5 4. c3 Nc6 5. Ngf3 Be7 6. Bb5 exd4 7. cxd4 O-O 8. O-O Bg4 9. Qc2 Nb4 10. Qb1 a6 11. Be2 c5 12. d5 a5 13. a3 Na6 14.
h3 Bh5 15. Re1 Nc7 16. a4 Re8 17. b3 Bf8 18. Bb2 Bg6 19. Bd3 Nd7 20. Nc4 Na6 21. e5 Bxd3 22. Qxd3 Nb4 23. Qd2 Nxe5 24. Nfxe5 dxe5 25. d6 f6 26. Rad1 Ra6 27. f4 e4 28. Bc3 Nd3 29.
Rxe4 Rxe4 30. Qxd3 f5 31. Qd5+ Kh8 32. Ne5 Rxe5 33. fxe5 Rc6 34. d7 Be7 35. Bxa5 1-0

[Event "*** Titled Tuesday Blitz"]
[Site "Chess.com"]
[Date "2021.04.27"]
[Round "7"]
[White "TomasKapitanchuk"]
[Black "vanyakuba"]
[Result "0-1"]
[WhiteElo "2521"]
[BlackElo "2404"]
[TimeControl "180+1"]
[EndTime "11:16:35 PDT"]
[Termination "vanyakuba won by checkmate"]

1. e4 d5 2. exd5 Qxd5 3. Nc3 Qa5 4. d3 Nf6 5. Nf3 Bg4 6. h3 Bh5 7. g4 Bg6 8. Bg2 Nc6 9. Be3 O-O-O 10. Qd2 e5 11.
Ng5 Bb4 12. Bxc6 bxc6 13. a3 h6 14. Nf3 Ne4 15. dxe4 Rxd2 16. Bxd2 Bxc3 17. Bxc3 Qb5 18. Nxe5 Bxe4 19. f3 Bxc2 20. Rc1 Re8 21. Rxc2 f6 22. Kd1 fxe5 23. Re1 Qd3+ 24. Kc1 Qxf3 25. Bxe5 Qxh3 26. Kb1 Qxg4 27. Ka1 Qf5 28. Rce2 g5 29. a4 h5 30. a5 a6 31. Bc3 Rxe2 32. Rxe2 h4 33. Re7 h3 34.
Be5 Qf1+ 35. Ka2 Qg2 36. Rxc7+ Kd8 37. Rh7 g4 38. Bf6+ Ke8 39. Re7+ Kf8 40. Rh7 h2 41.
Rh8+ Kf7 42. Bc3 h1=Q 43. Rc8 Ke6 44. Re8+ Kf7 45. Re5 Qd5+ 46. Rxd5 Qxd5+ 47. Ka3 g3 48. Ka4 g2 49. Bd4 Qb5+ 50. Ka3 Qc4 51. b3 Qxd4 52. Ka2 g1=Q 53. b4 Qgf2+ 54. Kb3 Qd1+ 55. Kc4 Qfc2# 0-1

[Event "*** Titled Tuesday Blitz"]
[Site "Chess.com"]
[Date "2021.04.27"]
[Round "7"]
[White "Trovita84"]
[Black "chessdiamant"]
[Result "0-1"]
[WhiteElo "2137"]
[BlackElo "2279"]
[TimeControl "180+1"]
[EndTime "11:16:37 PDT"]
[Termination "chessdiamant won by resignation"]

1. e4 c5 2. Nc3 Nc6 3. g3 g6 4. Bg2 Bg7 5. Nge2 e6 6. O-O Nge7 7. d3 O-O 8. Be3 b6 9. d4 cxd4 10. Nxd4 Bb7 11. Ndb5 Nc8 12. f4 Re8 13. e5 a6 14.
Nd6 Nxd6 15. Qxd6 Bf8 16. Qd3 Qc7 17. Rad1 Rad8 18. a3 d5 19. exd6 Rxd6 20. Qe2 Rxd1 21. Rxd1 Rd8 22. Ne4 Bg7 23. c3 h6 24. Rxd8+ Qxd8 25. Qc4 Na5 26. Qa4 Bc6 27. Qc2 Nc4 28. Bf2 Kh8 29. h3 Qd5 30. Bf3 f5 31. Ng5 Qd7 32. Bxc6 Qxc6 33. Nf7+ Kg8 34. Nd8 Qd7 35. Qe2 Ne5 36. Bxb6 Qd6 37. Qf2 Nd3 38. Qc5 Nxc5 0-1

[Event "*** Titled Tuesday Blitz"]
[Site "Chess.com"]
[Date "2021.04.27"]
[Round "7"]
[White "HonzaVykouk"]
[Black "CSB7"]
[Result "0-1"]
[WhiteElo "2586"]
[BlackElo "2741"]
[TimeControl "180+1"]
[EndTime "11:16:40 PDT"]
[Termination "CSB7 won by resignation"]

1. e4 c6 2. Nf3 d5 3. Nc3 dxe4 4.
Nxe4 Nf6 5. Qe2 Nxe4 6. Qxe4 Nd7 7. Bc4 Nf6 8. Qe2 Bf5 9. d4 e6 10. Bf4 Nd5 11. Bg3 Bb4+ 12. Kf1 O-O 13. c3 Bd6 14. Bxd6 Qxd6 15. Qe5 Qd8 16. g4 Bxg4 17. Rg1 Bh3+ 18. Ke2 Qf6 19. Qg3 Bf5 20. Ne5 Rfd8 21.
Bd3 Rac8 22. Bxf5 exf5 23. f4 c5 24. dxc5 Rxc5 25. Nd3 Rc6 26. Rad1 Re6+ 27. Kf2 Rde8 28. Ne5 Nxf4 29. Nd7 Qh6 30. Rd2 Nh3+ 31. Kf3 Nxg1+ 32.
Qxg1 0-1

[Event "*** Titled Tuesday Blitz"]
[Site "Chess.com"]
[Date "2021.04.27"]
[Round "7"]
[White "lucachess49"]
[Black "enriquetejedor"]
[Result "0-1"]
[WhiteElo "2430"]
[BlackElo "2597"]
[TimeControl "180+1"]
[EndTime "11:16:40 PDT"]
[Termination "enriquetejedor won on time"]

1. d4 g6 2. c4 Nf6 3. f3 d5 4.
cxd5 Nxd5 5. e4 Nb6 6. Nc3 Bg7 7.
Be3 O-O 8. Qd2 e5 9. d5 c6 10. Rd1 cxd5 11. exd5 N8d7 12. h4 Nf6 13. Nh3 Bd7 14. Nf2 Rc8 15. g4 Rxc3 16. bxc3 Nbxd5 17. Bc4 Nxe3 18. Qxe3 Qc7 19. Bb3 a5 20. a4 b5 21. O-O bxa4 22. Ba2 Bc6 23. Rfe1 Re8 24. g5 Nh5 25. Ng4 e4 26. fxe4 Rxe4 27. Qh3 Nf4 28. Qh2 Qb6+ 29. Nf2 Be5 30. Rxe4 Bxe4 0-1